 Dungeon Crawl Stone Soup version 0.30-a0-777-ga9a30cbeda (webtiles) character file.

Game seed: 12216381178230593266

114 bjtr the Digger (level 4, -1/24 HPs)
             Began as a Gargoyle Earth Elementalist on Feb 14, 2023.
             Killed from afar by an orc wizard (8 damage)
             ... with a puff of flame
             ... on level 3 of the Dungeon.
             The game lasted 00:06:29 (2328 turns).

bjtr the Digger (Gargoyle Earth Elementalist)       Turns: 2328, Time: 00:06:29

Health: -1/24      AC:  6    Str: 12    XL:     4   Next: 97%
Magic:  2/8        EV: 11    Int: 17    God:
Gold:   110        SH:  3    Dex: 10    Spells: 2/8 levels left

rFire   . . .      SeeInvis .    h - +0 spear
rCold   . . .      Faith    .    n - +0 buckler
rNeg    + . .      Spirit   .    k - +0 leather armour
rPois   ∞          Reflect  .    (no helmet)
rElec   +          Harm     .    (no cloak)
rCorr   .          Rampage  .    (no gloves)
Will    .....                    (no boots)
Stlth   ++                       (no amulet)
HPRegen 0.24/turn                (no ring)
MPRegen 0.11/turn                (no ring)

@: no status effects
A: sickness immunity, AC +3, negative energy resistance 1, electricity
resistance, torment resistance 1, petrification resistance
a: no special abilities


You were on level 3 of the Dungeon.
You visited 1 branch of the dungeon, and saw 3 of its levels.

You collected 110 gold pieces.

Inventory:

Hand Weapons
 h - a +0 spear (weapon)
Missiles
 l - 5 boomerangs
Armour
 a - a +0 robe
 k - a +0 leather armour (worn)
 n - a +0 buckler (worn)
Scrolls
 c - 2 scrolls of immolation {unknown}
 i - 2 scrolls of identify {unknown}
 j - 2 scrolls of magic mapping {unknown}
 m - a scroll of noise {unknown}
 o - a scroll of fog {unknown}
 p - 2 scrolls of silence {unknown}
 q - a scroll of poison {unknown}
 s - a scroll of summoning {unknown}
Potions
 b - a potion of magic
 d - a potion of mutation {unknown}
 e - a potion of brilliance {unknown}
 f - 2 potions of curing {unknown}
 g - a potion of degeneration {unknown}
 r - a potion of lignification {unknown}


   Skills:
 * Level 2.3 Armour
 - Level 1.5 Dodging
 - Level 2.1 Stealth
 * Level 0.5 Shields
 + Level 2.9 Spellcasting
 - Level 0.7 Transmutations
 * Level 5.0 Earth Magic


You had 2 spell levels left.
You knew the following spells:

 Your Spells              Type           Power      Damage    Failure   Level
a - Sandblast             Erth           38%        2d10      3%          1
b - Passwall              Tmut/Erth      10%        N/A       14%         2
c - Stone Arrow           Conj/Erth      22%        3d8       32%         3

Your spell library contained the following spells:

 Spells                   Type           Power      Damage    Failure   Level
 Petrify                  Tmut/Erth      12%        N/A       67%         4


Dungeon Overview and Level Annotations

Branches:
Dungeon (3/15)

Altars:
Nemelex Xobeh


Innate Abilities, Weirdness & Mutations

You are immune to sickness and miasma.
Your stone body is resilient. (AC +3)
You are immune to poison.
You resist negative energy. (rN+)
You are resistant to electric shocks. (rElec)
You are resistant to unholy torment.
You are immune to petrification.


Message History

Your Earth Magic skill increases to level 5!
Casting: Sandblast (safe; 4% risk of failure)
Confirm with . or Enter, or press ? or * to list all spells.
Aiming: Sandblast (safe; 4% risk of failure)
Press: ? - help, Shift-Dir - straight line, f/p - orc
Aim: an orc, wielding a +0 short sword and wearing a +0 ring mail (84% to hit)
The blast of sand hits the orc.
The orc is lightly wounded.
The orc barely misses you.
Casting: Sandblast (safe; 4% risk of failure)
Confirm with . or Enter, or press ? or * to list all spells.
Aiming: Sandblast (safe; 4% risk of failure)
Press: ? - help, Shift-Dir - straight line, f/p - orc
Aim: an orc, wielding a +0 short sword and wearing a +0 ring mail (lightly wounded, 84% to hit)
The blast of sand misses the orc.
The orc hits you but does no damage. You block the orc's attack.
You hit the orc.
The orc is moderately wounded.
The orc closely misses you.
You hit the orc.
The orc is severely wounded.
The orc hits you with a +0 short sword.
You hit the orc but do no damage.
The orc is severely wounded.
The orc hits you but does no damage.
You hit the orc.
You kill the orc!
Items here: ))) [[.
Okay, then.
Things that are here:
a +0 dagger; a +0 robe You start resting.
An orc wizard comes into view. It is wielding a +0 dagger.
The orc wizard casts a spell at you. The magic dart hits you!
* * * LOW HITPOINT WARNING * * *
You see here a bat corpse.
The orc wizard casts a spell at you. The puff of flame hits you!
You die...

..# ### #. #)# #.# #.
#.# ###.# #. #o#
#.#.###. #)# #.#.....
#.# #....... #.#
######.....
#o############......###.
#.†....@.......###### ##
################


You could see an orc wizard.

Vanquished Creatures
  Jessica (D:2)
  An orc wizard (D:3)
  2 adders (D:2)
  A worm (D:2)
  A dart slug (D:2)
  3 orcs (D:3)
  3 ball pythons
  2 bats (D:3)
  4 endoplasms (D:1)
  3 giant cockroaches
  3 goblins
  3 hobgoblins
  3 jackals (D:2)
  A quokka (D:1)
  4 frilled lizards
  A kobold (D:3)
  3 rats
39 creatures vanquished.

Vanquished Creatures (others)
  4 plants (D:2)
4 creatures vanquished.

Grand Total: 43 creatures vanquished

Notes
Turn   | Place    | Note
-------+----------+-------------------------------------------
     0 | D:1      | bjtr the Gargoyle Earth Elementalist began the quest for
                  | the Orb.
     0 | D:1      | Reached XP level 1. HP: 10/10 MP: 3/3
   349 | D:1      | Reached skill level 4 in Earth Magic
   375 | D:1      | Reached XP level 2. HP: 14/15 MP: 1/5
   974 | D:2      | Found a sparkling altar of Nemelex Xobeh.
  1085 | D:2      | Reached XP level 3. HP: 19/19 MP: 4/6
  1448 | D:2      | Reached skill level 1 in Armour
  1596 | D:2      | Noticed Jessica
  1598 | D:2      | Killed Jessica
  1599 | D:2      | Reached XP level 4. HP: 24/24 MP: 4/7
  1824 | D:2      | Found Cihepsyo's Antique Armour Shop.
  1962 | D:3      | Learned a level 2 spell: Passwall
  1966 | D:3      | Learned a level 3 spell: Stone Arrow
  2309 | D:3      | Reached skill level 5 in Earth Magic
  2328 | D:3      | Killed from afar by an orc wizard

Illustrated notes

Levels and vault maps discovered:
D:1:      matt_arrival_refuge, layout_basic
D:2:      layout_basic, serial_shops, shop, basic_altar,
          guppyfry_early_lair_pool, uniq_jessica
D:3:      kennysheep_big_flooded_room, layout_loops_ring,
          hellmonk_ecumenical_altar_run_dry

Skill      XL: |  1  2  3  4 |
---------------+-------------+-----
Earth Magic    | 4 5 |  5.0
Armour         | 2 |  2.3
Dodging        | |  1.5
Stealth        | |  2.1
Shields        | |  0.5
Spellcasting   | |  2.9
Transmutations | |  0.7

Action                     |  1- 3 |  4- 6 || total
---------------------------+-------+-------++-------
  Melee: Spear             |     8 |    14 ||    22
   Cast: Sandblast         |    33 |    15 ||    48
   Stab: Sleeping          |       |     1 ||     1
 Armour: Robe              |     4 |       ||     4
         Leather armour    |     2 |     4 ||     6
  Dodge: Dodged            |     5 |     8 ||    13
  Block: Buckler           |       |     3 ||     3

Table legend: (Time is in decaauts)
 A = Elapsed time spent in this place.
 B = Non-inter-level travel time spent in this place.
 C = Inter-level travel time spent in this place.
 D = Time resting spent in this place.
 E = Time spent auto-exploring this place.
 F = Levels seen in this place.
 G = Mean time per level.
                   A        B        C        D        E       F      G
               +--------+--------+--------+--------+--------+-----+--------+
         Total |   2353 |   2205 |    148 |     69 |   1781 |   3 |  784.3 |
       Dungeon |   2353 |   2205 |    148 |     69 |   1781 |   3 |  784.3 |
               +--------+--------+--------+--------+--------+-----+--------+

Top non-repeatable levels by time:
     D:1: 980 daAuts
     D:2: 972 daAuts
     D:3: 400 daAuts
